 Dungeon Crawl Stone Soup version 0.13.1-19-g4b9377e (webtiles) character file.

11684 Cannonbait the Fencer (level 11, -2/84 HPs)
             Began as a Minotaur Berserker on Dec 27, 2013.
             Was the Champion of Trog.
             Slain by a troll (3 damage)
             ... on Level 11 of the Dungeon.
             The game lasted 01:00:12 (13335 turns).

Cannonbait the Fencer (Minotaur Berserker)         Turns: 13335, Time: 01:00:13

HP  -2/84        AC 19     Str 22      XL: 11   Next: 44%
MP   3/3         EV  6     Int  4      God: Trog [******]
Gold 606         SH  0     Dex 13      Spells:  0 memorised, 10 levels left

Res.Fire  : . . .   See Invis. : .   U - +0,+1 scimitar
Res.Cold  : . . .   Warding    : .   s - +0 orc plate armour
Life Prot.: . . .   Conserve   : .   (no shield)
Res.Poison: .       Res.Corr.  : .   (helmet restricted)
Res.Elec. : .       Clarity    : .   b - +0 cloak
Sust.Abil.: . .     Spirit.Shd : .   (no gloves)
Res.Mut.  : .       Stasis     : .   (no boots)
Res.Rott. : .       Flight     : .   (no amulet)
Saprovore : . . .                    f - +3 ring of protection
                                     J - ring of sustenance

@: somewhat resistant to hostile enchantments, extremely unstealthy
A: retaliatory headbutt, horns 2
a: Burn Spellbooks, Berserk, Trog's Hand, Brothers in Arms, Renounce Religion


You were on level 11 of the Dungeon.
You worshipped Trog.
Trog was exalted by your worship.
You were not hungry.

You visited 2 branches of the dungeon, and saw 12 of its levels.

You collected 586 gold pieces.

Inventory:

Hand weapons
 a - a +1,+1 falchion
 N - a +1,+5 anti-magic triple sword
 U - a +0,+1 scimitar (weapon)
 W - a +0,+0 dagger of distortion
Missiles
 j - 67 darts (quivered)
 O - 5 darts of frost
 P - a dart of flame
Armour
 b - a +0 cloak (worn)
 s - a +0 orcish plate armour (worn)
 y - a +4 ring mail of poison resistance
Magical devices
 e - a wand of confusion (7)
 h - a wand of draining (6)
 q - a wand of slowing (12)
 r - a wand of slowing (18)
 x - a wand of disintegration (0)
 X - a wand of random effects (17)
Comestibles
 c - 9 bread rations
 o - a meat ration
Scrolls
 i - a scroll of enchant weapon I
 k - 3 scrolls of teleportation
 m - 3 scrolls of remove curse
 v - 10 scrolls of identify
 B - a scroll of enchant weapon II
 C - a scroll of fear
 D - a scroll of recharging
 K - a scroll of enchant armour {unknown}
 Q - a scroll of magic mapping
 V - a scroll of random uselessness {unknown}
Jewellery
 d - an uncursed ring of fire
 f - a +3 ring of protection (right hand)
 u - a +2 ring of strength
 J - a ring of sustenance (left hand)
 R - an uncursed ring of fire
Potions
 g - 2 potions of agility
 l - a potion of porridge {unknown}
 n - a potion of invisibility {unknown}
 p - 2 potions of speed
 t - 2 potions of might {unknown}
 w - 2 potions of flight {unknown}
 z - a potion of confusion {unknown}
 A - 2 potions of slowing {unknown}
 E - 3 potions of paralysis {unknown}
 F - 3 potions of restore abilities {unknown}
 H - 2 potions of brilliance {unknown}
 I - 3 potions of heal wounds
 L - a potion of curing {unknown}


   Skills:
 - Level 3.6 Fighting
 + Level 17.6 Long Blades
 - Level 11.2 Armour
 - Level 2.1 Dodging


You had 10 spell levels left.
You didn't know any spells.

Dungeon Overview and Level Annotations

Branches:
Dungeon (11/27)            Temple (1/1) D:5             Orc (0/4) D:10
   Lair (0/8) D:10

Altars:
Xom

Shops:
D:4 *   D:5 *

Annotations:
D:9 !seven headed hydra


Innate Abilities, Weirdness & Mutations

You reflexively headbutt those who attack you in melee.
You have a pair of horns on your head.


Message History

You hear a grinding noise.
The troll bites you!
* * * LOW HITPOINT WARNING * * *
The troll claws you but does no damage. The troll claws you!
* * * LOW HITPOINT WARNING * * *
You closely miss the troll.
You headbutt the troll, but do no damage.
The troll is almost dead.
You hit the troll but do no damage.
The troll is almost dead.
The troll bites you!
* * * LOW HITPOINT WARNING * * *
The troll claws you.
* * * LOW HITPOINT WARNING * * *
The troll barely misses you.
You hear a grinding noise.
Your plate armour prevents you from hitting the troll.
The troll is almost dead.
The troll bites you but does no damage. The troll claws you.
You die...

#.# ##.# #.....) #.#
..#.# #.....)
#.###.##.# #......
###..#..##.######...#
#.....# #...# #...#
#.#.#.## ###.# #####
###...#.# #.#
#.......# #.# .
#.#..@#.# #.# #.
#....T### #.# #.
#.......# #.# #.
#.._..#.#####>### #.
#.........<.....# #.
##.....#.#####.#.#
#.##..#####.# #.#.#
#.#.#.#####.### ... .
#..###.........
#.#.##


You could see a troll.

Vanquished Creatures
  A hydra (D:11)
  Fannar (D:10)
  Nergalle (D:10)
  2 hill giants
  Pikel (D:5)
  Joseph (D:8)
  A feature mimic (D:10)
  A troll (D:10)
  Sonja (D:10)
  4 ugly things (D:11)
  3 hungry ghosts
  A hippogriff (D:8)
  Grum (D:8)
  4 wolves (D:8)
  A wyvern (D:9)
  Menkaure (D:7)
  A giant goldfish (D:8)
  5 orc warriors
  3 ice beasts
  2 sky beasts
  3 ogres
  A centaur (D:8)
  A big kobold (D:9)
  2 boring beetles (D:11)
  Sigmund (D:2)
  A crocodile (D:10)
  3 giant frogs
  2 water moccasins
  A wyvern zombie (D:6)
  A manticore skeleton (D:10)
  A jellyfish (D:8)
  4 killer bees (D:7)
  A jelly (D:9)
  2 electric eels (D:8)
  A giant frog zombie (D:7)
  8 crimson imps
  A big fish (D:8)
  2 goliath beetles
  7 hounds
  Crazy Yiuf (D:6)
  8 orc priests
  2 quasits
  6 iguanas
  13 worker ants
  2 scorpions (D:6)
  11 orc wizards
  10 adders
  A giant centipede (D:9)
  4 gnolls (D:2)
  An inept feature mimic (D:8)
  A giant mite (D:2)
  An inept item mimic (D:7)
  3 worms
  2 giant eyeballs
  5 giant geckos
  An ooze (D:4)
  43 orcs
  19 bats
  A bat skeleton (D:4)
  5 giant cockroaches
  12 hobgoblins
  16 jackals
  6 quokkas
  A ball python (D:1)
  9 giant newts
  A giant spore (D:7)
  10 goblins
  A goblin skeleton (D:4)
  A hobgoblin zombie (D:7)
  26 kobolds
  A kobold skeleton (D:3)
  14 rats
  5 ballistomycetes (D:7)
322 creatures vanquished.

Vanquished Creatures (collateral kills)
  A shadow (D:10)
  A boring beetle (D:11)
  A manticore skeleton (D:11)
  3 spectral orcs (D:10)
6 creatures vanquished.

Vanquished Creatures (others)
  A giant spore (D:7)
1 creature vanquished.

Grand Total: 329 creatures vanquished

Notes
Turn   | Place    | Note
--------------------------------------------------------------
     0 | D:1      | Cannonbait, the Minotaur Berserker, began the quest for the Orb.
     0 | D:1      | Reached XP level 1. HP: 19/19 MP: 0/0
   232 | D:1      | Reached skill level 4 in Long Blades
   328 | D:1      | Reached XP level 2. HP: 26/26 MP: 0/0
   406 | D:1      | Acquired Trog's second power
   463 | D:1      | Reached skill level 5 in Long Blades
   661 | D:1      | Reached XP level 3. HP: 33/33 MP: 1/1
  1267 | D:2      | Noticed Sigmund
  1280 | D:2      | Killed Sigmund
  1280 | D:2      | Reached skill level 6 in Long Blades
  1280 | D:2      | Reached XP level 4. HP: 39/39 MP: 1/1
  1980 | D:2      | Reached XP level 5. HP: 35/46 MP: 1/1
  1988 | D:2      | Reached skill level 7 in Long Blades
  2705 | D:3      | HP: 1/46 [orc priest/orcish dagger (4)]
  2757 | D:3      | Reached skill level 8 in Long Blades
  2757 | D:3      | Reached XP level 6. HP: 9/52 MP: 2/2
  3051 | D:3      | Acquired Trog's third power
  3679 | D:4      | Reached skill level 9 in Long Blades
  4019 | D:4      | Found Faifab's Assorted Antiques.
  4161 | D:4      | Reached XP level 7. HP: 46/59 MP: 2/2
  4300 | D:5      | Entered Level 5 of the Dungeon
  4312 | D:5      | Reached skill level 10 in Long Blades
  4458 | D:5      | Found a staircase to the Ecumenical Temple.
  4465 | Temple   | Entered the Ecumenical Temple
  4635 | D:5      | Found Egaafut's Assorted Antiques.
  4638 | D:5      | Noticed Pikel
  4711 | D:5      | Killed Pikel
  4711 | D:5      | Reached skill level 11 in Long Blades
  4711 | D:5      | Reached XP level 8. HP: 66/66 MP: 2/2
  5053 | D:6      | Reached skill level 12 in Long Blades
  5835 | D:6      | Noticed Crazy Yiuf
  5845 | D:6      | Killed Crazy Yiuf
  6136 | D:7      | Reached skill level 13 in Long Blades
  6480 | D:7      | Reached XP level 9. HP: 66/72 MP: 3/3
  6542 | D:7      | Reached skill level 14 in Long Blades
  6838 | D:7      | Noticed Menkaure
  6895 | D:7      | Killed Menkaure
  7728 | D:8      | Reached skill level 15 in Long Blades
  7966 | D:8      | Noticed Grum
  7975 | D:8      | Killed Grum
  7980 | D:8      | Reached skill level 16 in Long Blades
  8089 | D:8      | HP: 2/72 [electric eel/bolt of electricity (7)]
  8397 | D:8      | Reached XP level 10. HP: 74/79 MP: 3/3
  8433 | D:8      | Noticed Joseph
  8456 | D:8      | Killed Joseph
  9232 | D:8      | Reached skill level 5 in Armour
  9806 | D:9      | Received a gift from Trog
  9868 | D:9      | Paralysed by a giant eyeball for 3 turns
 10191 | D:9      | Noticed a seven-headed hydra
 10735 | D:10     | Entered Level 10 of the Dungeon
 10779 | D:10     | Found a staircase to the Orcish Mines.
 11009 | D:10     | Noticed a hill giant
 11025 | D:10     | Killed a hill giant
 11061 | D:10     | Found a staircase to the Lair.
 11246 | D:10     | Noticed Nergalle
 11259 | D:10     | Killed Nergalle
 11482 | D:10     | Reached skill level 10 in Armour
 11926 | D:10     | Noticed Sonja
 11928 | D:10     | Killed Sonja
 11928 | D:10     | Reached XP level 11. HP: 84/84 MP: 3/3
 12050 | D:10     | Noticed Fannar
 12063 | D:10     | Killed Fannar
 12521 | D:11     | Noticed a hill giant
 12530 | D:11     | Killed a hill giant
 12702 | D:11     | Reached skill level 17 in Long Blades
 12773 | D:11     | Found a shimmering altar of Xom.
 13222 | D:11     | Noticed a four-headed hydra
 13239 | D:11     | Killed a 13-headed hydra
 13334 | D:11     | HP: 1/84 [troll (5)]
 13335 | D:11     | Slain by a troll

Action                   |  1- 3 |  4- 6 |  7- 9 | 10-12 || total
-------------------------+-------+-------+-------+-------++-------
Melee: Falchion          |    76 |   212 |   433 |   241 ||   962
       Scimitar          |       |       |       |   229 ||   229
       Triple sword      |       |       |       |    27 ||    27
Throw: Dart              |       |     5 |    56 |    41 ||   102
Invok: Berserk           |     1 |     1 |     4 |     7 ||    13
       Burn Spellbooks   |       |       |     1 |       ||     1
       Brothers in Arms  |       |       |       |     2 ||     2
Evoke: Wand              |       |       |       |    24 ||    24
  Use: Scroll            |       |     2 |    14 |       ||    16
       Potion            |       |       |       |     1 ||     1
 Stab: Distracted        |       |       |       |     2 ||     2
       Confused          |       |       |       |     3 ||     3
